 Dungeon Crawl Stone Soup version 0.28-a0-172-g787e458d71 (webtiles) character file.

Game seed: 5206910415164196163

1414 capillaryred the Ruffian (level 8, -6/75 HPs)
             Began as a Troll Fighter on Aug 16, 2021.
             Mangled by an unseen horror (10 damage)
             ... on level 6 of the Dungeon.
             The game lasted 00:13:09 (3233 turns).

capillaryred the Ruffian (Troll Fighter)            Turns: 3233, Time: 00:13:10

Health: -6/75      AC:  4    Str: 33    XL:     8   Next: 43%
Magic:  7/7        EV:  9    Int:  4    God:
Gold:   244        SH: 13    Dex:  9    Spells: 7/7 levels left

rFire   . . .      SeeInvis .     - Unarmed
rCold   . . .      Faith    .   b - +0 kite shield
rNeg    . . .      Spirit   .   a - +0 robe
rPois   .          Reflect  +   (helmet restricted)
rElec   .          Harm     .   (no cloak)
rCorr   .          Rampage  .   (gloves unavailable)
Will    .....                   (boots unavailable)
Stlth   +.........              d - amulet of reflection
HPRegen 1.22/turn               g - +6 ring of strength
MPRegen 0.10/turn               (no ring)

@: lethally poisoned (-6 -> -6)
A: large, unfitting armour, claws 3, regeneration 1, shaggy fur 1, tough skin 1
a: no special abilities


You were on level 6 of the Dungeon.
You visited 1 branch of the dungeon, and saw 6 of its levels.

You collected 244 gold pieces.

Inventory:

Armour
 a - a +0 robe (worn)
 b - a +0 kite shield (worn)
Jewellery
 d - an amulet of reflection (around neck)
 g - a +6 ring of strength (left claw)
 r - a ring of wizardry
Scrolls
 e - 3 scrolls of immolation {unknown}
 f - 3 scrolls of identify {unknown}
 h - 2 scrolls of magic mapping {unknown}
 k - a scroll of silence {unknown}
 m - a scroll of teleportation {unknown}
 n - 2 scrolls of enchant armour {unknown}
 o - a scroll of fog {unknown}
 p - a scroll of fear {unknown}
 s - a scroll of blinking {unknown}
Potions
 c - 2 potions of might
 i - a potion of berserk rage {unknown}
 j - 3 potions of brilliance {unknown}
 l - a potion of flight {unknown}
 q - a potion of cancellation {unknown}


   Skills:
 + Level 3.4 Fighting
 + Level 4.4 Dodging
 + Level 0.8 Stealth
 + Level 5.3 Shields
 + Level 6.8 Unarmed Combat


You had 7 spell levels left.
You didn't know any spells.
Your spell library contained the following spells:

 Spells                   Type           Power      Damage    Failure   Level
 Corona                   Hex            0%         N/A       77%         1
 Ensorcelled Hibernation  Hex/Ice        0%         N/A       88%         2
 Ignite Poison            Fire/Tmut/Pois 0%         N/A       98%         3
 Mephitic Cloud           Conj/Pois/Air  0%         N/A       98%         3
 Tukima's Dance           Hex            0%         N/A       98%         3
 Bolt of Magma            Conj/Fire/Erth 0%         4d4       100%        5


Dungeon Overview and Level Annotations

Branches:
Dungeon (6/15)             Temple (0/1) D:4

Altars:
Nemelex Xobeh


Innate Abilities, Weirdness & Mutations

You are too large for most types of armour.
You have claws for hands.
Your natural rate of healing is unusually fast.
You are covered in fur. (AC +1)
You have tough skin. (AC +1)


Message History

Deactivating autopickup; reactivate with Ctrl-A.
The shadow imp closely misses you.
You barely miss the shadow imp. Something hits you.
You block the water moccasin's attack. The shadow imp gestures at you.
Pain shoots through your body! You block the water moccasin's attack.
You closely miss the shadow imp. You block something's attack.
The water moccasin bites you. The shadow imp hits you.
You barely miss the shadow imp. Something hits you but does no damage.
The water moccasin bites you but does no damage.
The shadow imp barely misses you.
You scratch the water moccasin.
The water moccasin is lightly wounded.
The water moccasin bites you. Something hits you but does no damage.
You block the water moccasin's attack. The shadow imp closely misses you.
Something hits you.
You scratch the water moccasin.
The water moccasin is lightly wounded.
Something hits you but does no damage. You block the orc's attack.
The water moccasin bites you.
You are poisoned.
The water moccasin poisons you! The shadow imp gestures at you.
Pain shoots through your body!
* * * LOW HITPOINT WARNING * * *
The orc closely misses you.
You feel very sick. The water moccasin bites you.
* * * LOW HITPOINT WARNING * * *
You block the water moccasin's attack. You block the orc's attack.
You feel very sick. Something hits you.
* * * LOW HITPOINT WARNING * * *
You block the orc's attack.
You feel sick. You block something's attack. Something hits you.
* * * LOW HITPOINT WARNING * * *
You feel sick. Something hits you.
* * * LOW HITPOINT WARNING * * *
You feel sick. Something hits you!
You die...

.....(...........
.................
................
................
####...........
#.............
#...o.S5......
#...#.{.......
#...#.@.......
#...#.........
#...#.........
#........#####
##.......#
#.#.....#
#.......#
#####.#######
#...........#


You could see a water moccasin, a shadow imp and an orc.

Vanquished Creatures
  Duvessa (D:4)
  An ice beast (D:6)
  5 ogres
  A necrophage (D:5)
  A phantom (D:5)
  2 scorpions (D:4)
  Dowan (D:4)
  A howler monkey (D:4)
  3 hounds
  A gnoll shaman (D:4)
  A centaur skeleton (D:4)
  An iguana (D:4)
  An orc wizard (D:4)
  Terence (D:3)
  A hound zombie (D:5)
  A howler monkey zombie (D:5)
  4 gnolls (D:4)
  6 adders
  2 white imps (D:5)
  A worm (D:3)
  2 dart slugs
  4 orcs (D:4)
  8 ball pythons
  4 bats
  5 endoplasms
  A giant cockroach (D:3)
  5 goblins
  7 hobgoblins
  8 jackals
  2 quokkas
  A frilled lizard (D:2)
  8 kobolds
  2 rats
93 creatures vanquished.

Notes
Turn   | Place    | Note
-------+----------+-------------------------------------------
     0 | D:1      | capillaryred the Troll Fighter began the quest for the Orb.
     0 | D:1      | Reached XP level 1. HP: 22/22 MP: 0/0
   190 | D:1      | Found a faded altar of an unknown god.
   204 | D:1      | Reached XP level 2. HP: 22/29 MP: 1/1
   788 | D:1      | You fall into a shaft and drop 1 floor!
   942 | D:2      | Reached XP level 3. HP: 35/36 MP: 2/2
  1273 | D:3      | Noticed Terence
  1279 | D:3      | Killed Terence
  1280 | D:3      | Reached XP level 4. HP: 25/44 MP: 3/3
  1473 | D:3      | Reached skill level 3 in Unarmed Combat
  1782 | D:4      | Noticed a scorpion
  1790 | D:4      | Killed a scorpion
  1791 | D:4      | Reached XP level 5. HP: 28/52 MP: 4/4
  1838 | D:4      | Noticed Dowan
  1852 | D:4      | Noticed Duvessa
  1870 | D:4      | Killed Duvessa
  1871 | D:4      | Reached skill level 4 in Unarmed Combat
  1871 | D:4      | Reached XP level 6. HP: 50/61 MP: 5/5
  1871 | D:4      | Killed Dowan
  1907 | D:4      | Found a staircase to the Ecumenical Temple.
  2083 | D:4      | Reached XP level 7. HP: 67/67 MP: 6/6
  2133 | D:4      | Reached skill level 5 in Unarmed Combat
  2701 | D:5      | Entered Level 5 of the Dungeon
  2751 | D:5      | Reached skill level 6 in Unarmed Combat
  2751 | D:5      | Reached XP level 8. HP: 63/75 MP: 7/7
  2755 | D:5      | Reached skill level 5 in Shields
  2900 | D:5      | Found a sparkling altar of Nemelex Xobeh.
  3233 | D:6      | Mangled by an unseen horror

Illustrated notes

Levels and vault maps discovered:
D:1:      lightli_arrival_statue_moat, layout_basic,
          ebering_ecumenical_altar_sacrificial, minmay_pentomino_w4
D:2:      layout_basic, chequers_serial_rivers_micro_b
D:3:      layout_rooms, uniq_terence
D:4:      layout_basic, minmay_temple_entry_junction, uniq_duvessa
D:5:      layout_basic, lemuel_crystal_altar
D:6:      layout_basic

Skill      XL: |  1  2  3  4  5  6  7  8 |
---------------+-------------------------+-----
Shields        | 3 4 5 |  5.3
Dodging        | 3 4 |  4.4
Unarmed Combat | 3 4 6 |  6.8
Fighting       | 3 |  3.4
Stealth        | |  0.8

Action                   |  1- 3 |  4- 6 |  7- 9 || total
-------------------------+-------+-------+-------++-------
Melee: Unarmed           |    87 |   103 |   115 ||   305
Armor: Robe              |    34 |    14 |    24 ||    72
Dodge: Dodged            |    42 |    25 |    37 ||   104
Block: Kite shield       |    58 |    84 |    87 ||   229
       Reflection        |     2 |     1 |       ||     3

Table legend: (Time is in decaauts)
 A = Elapsed time spent in this place.
 B = Non-inter-level travel time spent in this place.
 C = Inter-level travel time spent in this place.
 D = Time resting spent in this place.
 E = Time spent auto-exploring this place.
 F = Levels seen in this place.
 G = Mean time per level.
                   A        B        C        D        E       F      G
               +--------+--------+--------+--------+--------+-----+--------+
         Total |   3265 |   3263 |      2 |    129 |   2018 |   6 |  544.2 |
       Dungeon |   3265 |   3263 |      2 |    129 |   2018 |   6 |  544.2 |
               +--------+--------+--------+--------+--------+-----+--------+

Top non-repeatable levels by time:
     D:4: 929 daAuts
     D:1: 797 daAuts
     D:3: 529 daAuts
     D:2: 476 daAuts
     D:5: 463 daAuts
     D:6: 69 daAuts
